 Dungeon Crawl Stone Soup version 0.23.1 (webtiles) character file.

Game seed: 12225525913440510989

407 1994 the Stinger (level 6, -3/57 HPs)
             Began as a Naga Venom Mage on Mar 17, 2019.
             Slain by a slave (8 damage)
             ... led by Pikel
             ... on level 4 of the Dungeon.
             The game lasted 00:37:59 (5280 turns).

1994 the Stinger (Naga Venom Mage)                  Turns: 5280, Time: 00:38:00

Health: -3/57      AC:  6    Str: 11    XL:     6   Next: 88%
Magic:  0/9        EV: 11    Int: 15    God:
Gold:   209        SH:  0    Dex: 20    Spells: 3/9 levels left

rFire    . . .     SeeInvis +   o - +0 whip (curse)
rCold    . . .     Gourm    .   (no shield)
rNeg     . . .     Faith    .   v - +1 leather armour of the Hot Ocelot {Dex+7}
rPois    +         Spirit   .   (no helmet)
rElec    .         Reflect  .   p - +1 cloak
rCorr    .         Harm     .   (no gloves)
MR       .....                  (no barding)
Stlth    ++........             (no amulet)
HPRegen  0.19/turn              (no ring)
MPRegen  0.11/turn              (no ring)

@: very slightly contaminated, very slow
A: large, see invisible, deformed body, poison resistance, slowness 2, slow
metabolism 1, spit poison 1, AC +2
a: Spit Poison


You were on level 4 of the Dungeon.
You were hungry.

You visited 1 branch of the dungeon, and saw 5 of its levels.
You also visited: Sewer.

You collected 209 gold pieces.

Inventory:

Hand Weapons
 o - a cursed +0 whip (weapon)
 u - a +0 dagger of flaming
 z - a +0 falchion
Armour
 a - a +0 robe
 p - a +1 cloak (worn)
 v - the +1 leather armour of the Hot Ocelot (worn) {Dex+7}
   (You found it in a sewer)

   It affects your dexterity (+7).
 y - a +0 ring mail
Wands
 g - a wand of digging (6)
 r - a wand of random effects (17)
Scrolls
 e - 4 scrolls of teleportation
 k - 2 scrolls of amnesia
 w - a scroll of fear {unknown}
Potions
 b - 2 potions of lignification
 d - a potion of mutation {unknown}
 f - a potion of haste
 h - a potion of magic
 i - a potion of invisibility
 j - 3 potions of agility {unknown}
 l - 2 potions of heal wounds
 m - a potion of berserk rage {unknown}
 n - 6 potions of curing
 q - 3 potions of might
 t - a potion of flight {unknown}
Comestibles
 c - 2 rations
 s - a chunk of flesh


   Skills:
 + Level 3.7 Fighting
 * Level 2.5 Long Blades
 + Level 3.7 Dodging
 - Level 3.0 Stealth
 - Level 2.0 Spellcasting
 - Level 2.0 Conjurations
 - Level 1.0 Air Magic
 - Level 4.0 Poison Magic


You had 3 spell levels left.
You knew the following spells:

 Your Spells              Type           Power        Failure   Level  Hunger
a - Sting                 Conj/Pois      ##..         9%          1    #......
b - Poisonous Vapours     Pois/Air       #.....       16%         2    ###....
c - Mephitic Cloud        Conj/Pois/Air  #.......     32%         3    ###....

Your spell library contained the following spells:

 Spells                   Type           Power        Failure   Level  Hunger
 Confusing Touch          Hex            #.....       28%         1    #......
 Confuse                  Hex            #.......     65%         3    ###....
 Gell's Gravitas          Tloc           #.........   65%         3    ###....
 Olgreb's Toxic Radiance  Pois           ##......     50%         4    #####..
 Venom Bolt               Conj/Pois      ##........   93%         5    ######.
 Petrify                  Tmut/Erth      #.......     96%         4    #####..
 Metabolic Englaciation   Hex/Ice        #.........   100%        5    ######.
 Yara's Violent Unravell  Hex/Tmut       #.........   100%        5    ######.


Dungeon Overview and Level Annotations

Branches:
Dungeon (5/15)
 Temple: D:4-7

Altars:
Elyvilon

Annotations:
D:4 Pikel


Innate Abilities, Weirdness & Mutations

You cannot wear boots.
Your serpentine skin is tough. (AC +2)
You have supernaturally acute eyesight. (SInv)
Armour fits poorly on your strangely shaped body.
Your system is resistant to poisons. (rPois)
You cover ground very slowly.
You have a slow metabolism.
You can spit poison.


Message History

You closely miss the slave.
The slave is heavily wounded.
The jackal closely misses you. The slave hits you.
* * * LOW HITPOINT WARNING * * *
The jackal barely misses you.
You hit the slave but do no damage.
The slave is heavily wounded.
The jackal bites you but does no damage.
The slave hits you!
* * * LOW HITPOINT WARNING * * *
You hit the slave.
The slave is severely wounded.
The jackal bites you.
* * * LOW HITPOINT WARNING * * *
The slave barely misses you. The jackal closely misses you.
You hit the slave but do no damage.
The slave is almost dead.
You have got your breath back.
The jackal closely misses you. The slave hits you!
You die...

**********
,,,,,,,,,*
**,*,***,**
*,*,,,,,.###########
*,***,,,...hhhh@p..#
*,*
**,,.#########.####
*,*****,**
#.p..รท..# *,,,,,,,*
#.##.##.# *******,*
#.##.##.# *** *#+**
#p##.##.# ,,*
**...** #.##.##.#
*,* **,....**
#.##.##.#
*,***,,..p..**
#.......#


You could see a slave and 4 jackals.

Vanquished Creatures
  A slave (D:4)
  A centaur (D:5)
  A scorpion (D:3)
  An orc wizard (D:4)
  Ijyb (D:1)
  9 adders
  A shadow imp (D:4)
  2 oozes
  An adder skeleton (D:4)
  A worm (D:4)
  2 dart slugs
  2 leopard geckos (D:1)
  6 orcs
  3 giant cockroaches
  15 goblins
  6 hobgoblins
  6 jackals (D:2)
  8 ball pythons
  12 bats
  2 frilled lizards
  22 kobolds
  16 rats
119 creatures vanquished.

Notes
Turn   | Place    | Note
-------+----------+-------------------------------------------
     0 | D:1      | 1994 the Naga Venom Mage began the quest for the Orb.
     0 | D:1      | Reached XP level 1. HP: 15/15 MP: 3/3
   356 | D:1      | Reached skill level 1 in Fighting
   356 | D:1      | Reached XP level 2. HP: 23/25 MP: 0/5
   744 | D:1      | Learned a level 2 spell: Poisonous Vapours
   952 | D:2      | Reached XP level 3. HP: 23/31 MP: 1/6
  1195 | D:2      | Learned a level 3 spell: Mephitic Cloud
  1690 | D:2      | Reached XP level 4. HP: 38/39 MP: 1/7
  1852 | D:2      | Found a faded altar of an unknown god.
  2027 | D:2      | Reached skill level 1 in Air Magic
  2140 | D:2      | Noticed Ijyb
  2152 | D:1      | Killed Ijyb
  2152 | D:1      | Reached XP level 5. HP: 17/46 MP: 0/8
  3518 | D:4      | Noticed a phantom
  3727 | D:4      | Found a glowing drain.
  3753 | Sewer    | Entered a sewer
  3876 | Sewer    | Reached XP level 6. HP: 56/56 MP: 9/9
  3975 | Sewer    | Reached skill level 1 in Long Blades
  4190 | Sewer    | Got a jacinth-encrusted leather armour
  4287 | D:5      | Entered Level 5 of the Dungeon
  4697 | D:4      | Found a white marble altar of Elyvilon.
  4944 | D:4      | Identified the +1 leather armour of the Hot Ocelot {Dex+7}
                  | (You found it in a sewer)
  5241 | D:4      | Noticed Pikel
  5241 | D:4      | Noticed a slave
  5241 | D:4      | Noticed a slave
  5241 | D:4      | Noticed a slave
  5241 | D:4      | Noticed a slave
  5271 | D:4      | Killed a slave
  5280 | D:4      | Slain by a slave

Skill      XL: |  1  2  3  4  5  6 |
---------------+-------------------+-----
Fighting       | 1 2 3 |  3.7
Dodging        | 2 3 |  3.7
Air Magic      | 1 |  1.0
Conjurations   | 2 |  2.0
Long Blades    | 2 |  2.5
Stealth        | |  3.0
Spellcasting   | |  2.0
Poison Magic   | |  4.0

Action                   |  1- 3 |  4- 6 || total
-------------------------+-------+-------++-------
Melee: Unarmed           |    15 |       ||    15
       Spear             |    37 |    26 ||    63
       Whip              |       |   121 ||   121
 Cast: Sting             |    62 |    89 ||   151
       Poisonous Vapours |     1 |    20 ||    21
 Abil: Spit Poison       |     3 |     5 ||     8
  Use: Scroll            |       |    11 ||    11
       Potion            |       |     4 ||     4
 Stab: Sleeping          |     1 |     1 ||     2
  Eat: Chunk             |     3 |     9 ||    12
       Ration            |       |     1 ||     1
Armor: Robe              |    14 |    12 ||    26
       Leather armour    |       |    62 ||    62
Dodge: Dodged            |    37 |   121 ||   158
